[Event "Marienbad IM-II 2022"]
[Site "Marianske Lazne"]
[Date "2022.01.15"]
[Round "1.16"]
[White "Pisk, Petr"]
[Black "Hari Charan Sai Kalluri"]
[Result "1-0"]
[ECO "D03"]
[WhiteElo "2328"]
[BlackElo "2160"]
[Annotator "ChessBase"]
[PlyCount "95"]
[EventDate "2022.01.15"]
[EventType "tourn"]
[EventCountry "CZE"]
[SourceTitle "playchess.com"]
[Source "ChessBase"]
[SourceQuality "1"]
[TimeControl "40/5400+30:1800+30"]

1. d4 d5 2. Nf3 Nf6 3. Bg5 c5 4. e3 Nc6 5. c3 Ne4 6. Bf4 h6 7. h3 Qb6 8. Qb3 c4 9. Qc2 Bf5 10. Qc1 e6 11. Be2 Be7 12. Nbd2 O-O 13. O-O Qa5 14. Nxe4 Bxe4 15. Nd2 Bh7 16. e4 Rad8 17. Re1 f5 18. exd5 exd5 19. b4 Qb6 20. a4 Rd7 21. a5 Qd8 22. Bd1 g5 23. Bh2 Bd6 24. Ba4 Re7 25. Bxc6 bxc6 26. Bxd6 Qxd6 27. Rxe7 Qxe7 28. Qe1 Re8 29. Qxe7 Rxe7 30. Kf1 f4 31. Nf3 Bd3+ 32. Kg1 Bg6 33. Ne5 Be8 34. Kh2 Kg7 35. g3 fxg3+ 36. Kxg3 Re6 37. Re1 Bg6 38. Re3 Bf5 39. Re1 Kf6 40. Re2 h5 41. h4 Bd3 42. Nd7+ Ke7 43. Rxe6+ Kxe6 44. Ne5 gxh4+ 45. Kxh4 Be2 46. Nxc6 a6 47. Nb8 Kd6 48. Nxa6 1-0

[Event "Marienbad IM-II 2022"]
[Site "Marianske Lazne"]
[Date "2022.01.15"]
[Round "1.17"]
[White "Michalek, Jan"]
[Black "Richter, Nils"]
[Result "1/2-1/2"]
[ECO "B40"]
[WhiteElo "2240"]
[BlackElo "2270"]
[Annotator "ChessBase"]
[PlyCount "72"]
[EventDate "2022.01.15"]
[EventType "tourn"]
[EventCountry "CZE"]
[SourceTitle "playchess.com"]
[Source "ChessBase"]
[SourceQuality "1"]
[TimeControl "40/5400+30:1800+30"]

1. e4 c5 2. Nf3 e6 3. c3 Nf6 4. e5 Nd5 5. g3 d6 6. Bg2 Nc6 7. exd6 Bxd6 8. O-O O-O 9. Re1 Bd7 10. Na3 a6 11. Nc4 Bc7 12. a4 b5 13. Nce5 Nxe5 14. Nxe5 Bxe5 15. Rxe5 Bc6 16. d4 c4 17. Qf1 Qd7 18. Bd2 Nb6 19. axb5 axb5 20. Ree1 Qb7 21. Bf4 Rfd8 22. Rxa8 Rxa8 23. Bxc6 Qxc6 24. Ra1 h6 25. h4 Nd5 26. Rxa8+ Qxa8 27. Bd6 Nf6 28. Qe2 Qd5 29. Ba3 Ne4 30. Be7 Qb7 31. Ba3 Qa8 32. Qf3 Qd5 33. Qf4 Nf6 34. f3 Nd7 35. Qc7 e5 36. Bd6 Qxf3 1/2-1/2

[Event "Marienbad IM-II 2022"]
[Site "Marianske Lazne"]
[Date "2022.01.15"]
[Round "1.18"]
[White "Bomans, Arno"]
[Black "Klek, Hanna Marie"]
[Result "1/2-1/2"]
[ECO "D38"]
[WhiteElo "2246"]
[BlackElo "2341"]
[Annotator "ChessBase"]
[PlyCount "31"]
[EventDate "2022.01.15"]
[EventType "tourn"]
[EventCountry "CZE"]
[SourceTitle "playchess.com"]
[Source "ChessBase"]
[SourceQuality "1"]
[TimeControl "40/5400+30:1800+30"]

1. d4 d5 2. c4 e6 3. Nc3 Bb4 4. Nf3 Nf6 5. Bg5 h6 6. Bxf6 Qxf6 7. Qa4+ Nc6 8. e3 O-O 9. Rc1 a6 10. a3 Bxc3+ 11. Rxc3 dxc4 12. Qxc4 e5 13. Nxe5 Nxe5 14. dxe5 Qxe5 15. Bd3 c6 16. Qe4 1/2-1/2

[Event "Marienbad IM-II 2022"]
[Site "Marianske Lazne"]
[Date "2022.01.15"]
[Round "1.19"]
[White "Acor, Corey"]
[Black "Vojta, Jakub"]
[Result "1/2-1/2"]
[ECO "A56"]
[WhiteElo "2303"]
[BlackElo "2289"]
[Annotator "ChessBase"]
[PlyCount "61"]
[EventDate "2022.01.15"]
[EventType "tourn"]
[EventCountry "CZE"]
[SourceTitle "playchess.com"]
[Source "ChessBase"]
[SourceQuality "1"]
[TimeControl "40/5400+30:1800+30"]

1. d4 Nf6 2. c4 c5 3. Nf3 g6 4. Nc3 cxd4 5. Nxd4 Bg7 6. e4 d6 7. Be2 O-O 8. Be3 Nc6 9. O-O Bd7 10. Rc1 Nxd4 11. Bxd4 Bc6 12. b3 e5 13. Be3 Nxe4 14. Nxe4 Bxe4 15. Bf3 Bc6 16. Bd5 Rc8 17. c5 Bxd5 18. Qxd5 dxc5 19. Qxb7 Qa5 20. Rc2 Rfd8 21. Rfc1 f5 22. Bg5 Re8 23. b4 Qb6 24. Qd5+ Qe6 25. Qxe6+ Rxe6 26. Rxc5 Rxc5 27. Rxc5 Ra6 28. Rc8+ Kf7 29. Rc7+ Kg8 30. Rc8+ Kf7 31. Rc7+ 1/2-1/2

[Event "Marienbad IM-II 2022"]
[Site "Marianske Lazne"]
[Date "2022.01.15"]
[Round "1.20"]
[White "Meszaros, Andras"]
[Black "Ochedzan, Tymon"]
[Result "0-1"]
[ECO "B51"]
[WhiteElo "2205"]
[BlackElo "2350"]
[Annotator "ChessBase"]
[PlyCount "92"]
[EventDate "2022.01.15"]
[EventType "tourn"]
[EventCountry "CZE"]
[SourceTitle "playchess.com"]
[Source "ChessBase"]
[SourceQuality "1"]
[TimeControl "40/5400+30:1800+30"]

1. e4 c5 2. Nf3 d6 3. Bb5+ Nd7 4. c3 Ngf6 5. Qe2 a6 6. Ba4 b5 7. Bc2 c4 8. b3 Qc7 9. Na3 cxb3 10. axb3 Bb7 11. O-O e5 12. d4 Qxc3 13. Bd2 Qc7 14. Bb4 Be7 15. Nh4 O-O 16. Nf5 Rfe8 17. Qe3 Bf8 18. Rad1 exd4 19. Qg3 g6 20. Bxd6 Qb6 21. Bxf8 Kxf8 22. Qd6+ Kg8 23. Qxb6 Nxb6 24. Nd6 Re7 25. Nxb7 Rxb7 26. Rxd4 Rd7 27. Rfd1 Rc8 28. Rxd7 Nfxd7 29. Rd4 a5 30. Bd1 b4 31. Nc2 Rc3 32. Ne3 Nc5 33. Rd6 Nbd7 34. Kf1 Nf8 35. Nd5 Rc1 36. Ne7+ Kg7 37. e5 Nxb3 38. Nc6 Ne6 39. Ke2 Rxc6 40. Bxb3 Rxd6 41. exd6 Nd4+ 42. Ke3 Nf5+ 43. Ke4 Nxd6+ 44. Kd5 Nb5 45. Kc5 Nc3 46. Bc4 Ne4+ 0-1

[Event "Marienbad IM-II 2022"]
[Site "Marianske Lazne"]
[Date "2022.01.19"]
[Round "6.16"]
[White "Hari Charan Sai Kalluri"]
[Black "Klek, Hanna Marie"]
[Result "1/2-1/2"]
[ECO "D30"]
[WhiteElo "2160"]
[BlackElo "2341"]
[Annotator "RC"]
[PlyCount "31"]
[EventDate "2022.01.15"]
[EventType "tourn"]
[EventCountry "CZE"]
[SourceTitle "playchess.com"]
[Source "ChessBase"]
[SourceQuality "1"]
[TimeControl "40/5400+30:1800+30"]

1. d4 d5 2. Nf3 Nf6 3. c4 e6 4. Bg5 h6 5. Bh4 dxc4 6. Qa4+ Nbd7 7. Nc3 c6 8. Qxc4 Bd6 9. e4 e5 10. Bg3 Qe7 11. O-O-O O-O 12. dxe5 Bxe5 13. Nxe5 Nxe5 14. Qd4 Re8 15. f4 Ng6 16. e5 1/2-1/2

[Event "Marienbad IM-II 2022"]
[Site "Marianske Lazne"]
[Date "2022.01.19"]
[Round "6.19"]
[White "Michalek, Jan"]
[Black "Meszaros, Andras"]
[Result "1/2-1/2"]
[ECO "B27"]
[WhiteElo "2240"]
[BlackElo "2205"]
[Annotator "ChessBase"]
[PlyCount "37"]
[EventDate "2022.01.15"]
[EventType "tourn"]
[EventCountry "CZE"]
[SourceTitle "playchess.com"]
[Source "ChessBase"]
[SourceQuality "1"]
[TimeControl "40/5400+30:1800+30"]

1. e4 c5 2. Nf3 g6 3. c3 Bg7 4. d4 cxd4 5. cxd4 d5 6. e5 Nc6 7. h3 f6 8. exf6 exf6 9. Nc3 Nge7 10. Be2 O-O 11. O-O a6 12. Re1 b5 13. Bf1 Qd6 14. a3 Re8 15. b4 Bf5 16. Qb3 Kh8 17. Bb2 Rad8 18. Rad1 g5 19. g3 1/2-1/2

[Event "Marienbad IM-II 2022"]
[Site "Marianske Lazne"]
[Date "2022.01.22"]
[Round "9.16"]
[White "Meszaros, Andras"]
[Black "Hari Charan Sai Kalluri"]
[Result "1-0"]
[ECO "B87"]
[WhiteElo "2205"]
[BlackElo "2160"]
[Annotator "ChessBase"]
[PlyCount "223"]
[EventDate "2022.01.15"]
[EventType "tourn"]
[EventCountry "CZE"]
[SourceTitle "playchess.com"]
[Source "ChessBase"]
[SourceQuality "1"]
[TimeControl "40/5400+30:1800+30"]

1. e4 c5 2. Nf3 d6 3. d4 cxd4 4. Nxd4 Nf6 5. Nc3 a6 6. Bc4 e6 7. Bb3 b5 8. Bg5 Be7 9. Qf3 Qc7 10. O-O-O O-O 11. e5 Bb7 12. exf6 Bxf3 13. fxe7 Re8 14. gxf3 d5 15. Rhg1 Rxe7 16. Bxe7 Qxe7 17. Nxd5 Qh4 18. Rg4 Qxh2 19. Nb6 h5 20. Re4 Ra7 21. a4 e5 22. Nf5 Qxf2 23. Rd8+ Kh7 24. Rxb8 Qf1+ 25. Kd2 Qxf3 26. Nd6 f5 27. Bd5 Qf2+ 28. Re2 Qd4+ 29. Kc1 Qf4+ 30. Rd2 e4 31. Bg8+ Kh6 32. Nd5 Qf3 33. Be6 g6 34. Rh8+ Kg5 35. Rd1 e3 36. Rg1+ Kh4 37. Re1 e2 38. Kd2 Rd7 39. Nxf5+ gxf5 40. Bxd7 Qxd5+ 41. Kc1 Qxd7 42. Rxe2 Qf7 43. axb5 axb5 44. Rg2 Kh3 45. Rg1 Kh4 46. Rhg8 Qd5 47. R8g2 Kh3 48. Rg5 h4 49. Rf1 Qe4 50. Rgxf5 Kg2 51. R5f2+ Kg3 52. Rd2 Qe3 53. Kd1 Qe5 54. Rg1+ Kf3 55. c3 Qe4 56. Kc1 b4 57. cxb4 Qxb4 58. Rh1 Qc4+ 59. Rc2 Qa4 60. Rh3+ Kg4 61. Rcc3 Qa1+ 62. Kc2 Qa4+ 63. Kd2 Qd4+ 64. Rhd3 Qf2+ 65. Kc1 Qf1+ 66. Kc2 Qf2+ 67. Kb1 Qf1+ 68. Ka2 Qf7+ 69. b3 Qa7+ 70. Kb1 Qg1+ 71. Rc1 Qg2 72. Rc4+ Kf5 73. Rcc3 Qf1+ 74. Kb2 Qg2+ 75. Rc2 Qg7+ 76. Kb1 Qg1+ 77. Rc1 Qg2 78. Rc5+ Ke4 79. Rcc3 Qf1+ 80. Kc2 Qf2+ 81. Rd2 Qf5 82. Rh2 Kf4+ 83. Kc1 Qg5 84. Kb2 Qe7 85. Rc4+ Kg3 86. Rhxh4 Qe2+ 87. Ka3 Qe7+ 88. b4 Qe3+ 89. Ka4 Qa7+ 90. Kb3 Qb6 91. Rhd4 Kf3 92. Rd3+ Ke2 93. Rd5 Qb7 94. Rdc5 Qh7 95. Rc2+ Kd3 96. b5 Qb7 97. Kb4 Qe4+ 98. R2c4 Qb7 99. Rc7 Qb6 100. R7c6 Qb8 101. b6 Ke3 102. Kb5 Kf3 103. R4c5 Kf2 104. Rc8 Qd6 105. Ka6 Qd3+ 106. Rb5 Qa3+ 107. Ra5 Qd3+ 108. Ka7 Qd4 109. Rc7 Qe3 110. Rf5+ Ke2 111. Rfc5 Qa3+ 112. Kb8 1-0